 Dungeon Crawl Stone Soup version 0.24.0-123-gd5b16e6ec5 (webtiles) character file.

Game seed: 3038205157363614672, levelgen mode: deterministic

198 Curus the Poker (level 5, 0/45 HPs)
             Began as a Minotaur Fighter on Dec 20, 2019.
             Was an Initiate of Yredelemnul.
             Slain by a gnoll
             ... wielding a +0 whip
              (1 damage)
             ... on level 3 of the Dungeon.
             The game lasted 00:05:41 (2125 turns).

Curus the Poker (Minotaur Fighter)                  Turns: 2125, Time: 00:05:42

Health: 0/45       AC:  9    Str: 26    XL:     5   Next: 47%
Magic:  4/4        EV:  3    Int:  6    God:    Yredelemnul [......]
Gold:   135        SH: 11    Dex:  9    Spells: 4/4 levels left

rFire    . . .     SeeInvis .   a - +0 trident
rCold    . . .     Gourm    .   c - +2 shield
rNeg     . . .     Faith    .   e - +0 chain mail
rPois    .         Spirit   .   (helmet restricted)
rElec    .         Reflect  .   (no cloak)
rCorr    .         Harm     .   (no gloves)
MR       .....                  (no boots)
Stlth    ..........             (no amulet)
HPRegen  0.15/turn              (no ring)
MPRegen  0.09/turn              (no ring)

@: mighty, constricted
A: retaliatory headbutt, horns 2
a: Renounce Religion


You were on level 3 of the Dungeon.
You worshipped Yredelemnul.
Yredelemnul was noncommittal.
You were not hungry.

You visited 1 branch of the dungeon, and saw 3 of its levels.

You collected 135 gold pieces.

Inventory:

Hand Weapons
 a - a +0 trident (weapon)
Armour
 b - a +0 scale mail
 c - a +2 shield (worn)
 e - a +0 chain mail (worn)
Scrolls
 g - a scroll of amnesia
 j - a scroll of remove curse
Comestibles
 f - 6 rations


   Skills:
 - Level 3.6 Fighting
 + Level 7.0 Polearms
 - Level 3.6 Armour
 - Level 3.6 Shields


You had 4 spell levels left.
You didn't know any spells.
Your spell library was empty.

Dungeon Overview and Level Annotations

Branches:
Dungeon (3/15)

Altars:
Yredelemnul
The Shining One


Innate Abilities, Weirdness & Mutations

You reflexively headbutt those who attack you in melee.
You have a pair of horns on your head.


Message History

An orc comes into view.
The gnoll hits you with a +0 whip.
* * * LOW HITPOINT WARNING * * *
The ball python bites you.
* * * LOW HITPOINT WARNING * * *
x2 The ball python constricts you.
The orc wizard hits you but does no damage.
The orc shouts!
You puncture the orc wizard!
You kill the orc wizard!
Yredelemnul accepts your kill.
Your Polearms skill increases to level 7!
The bat hits you but does no damage. The orc hits you but does no damage.
The gnoll hits you but does no damage. You block the ball python's attack.
The ball python constricts you.
You closely miss the ball python. You block the orc's attack.
You block the ball python's attack. The ball python constricts you.
The gnoll hits you with a +0 whip.
You die...
Your body rises from the dead as a mindless zombie.

.... ..... ...
. .... ..#
.....##o.. ..#
......... ....
.....#... ....#
.....>.g##.....
..g...sggb.....
....###So#.##
...gggg@o...#
##.#######.....
.#.# # .


You could see 4 gnolls, 3 orcs, a giant cockroach, 3 goblins, a bat and a ball
python.

Vanquished Creatures
  An orc wizard (D:3)
  Jessica (D:2)
  Terence (D:2)
  An adder (D:2)
  5 gnolls
  An ooze (D:2)
  A worm (D:2)
  2 dart slugs (D:2)
  A leopard gecko (D:1)
  An orc (D:2)
  A ball python (D:3)
  3 giant cockroaches
  6 goblins
  5 hobgoblins
  3 jackals (D:1)
  5 kobolds
  9 bats
  A frilled lizard (D:2)
  4 rats
52 creatures vanquished.

Notes
Turn   | Place    | Note
-------+----------+-------------------------------------------
     0 | D:1      | Curus the Minotaur Fighter began the quest for the Orb.
     0 | D:1      | Reached XP level 1. HP: 19/19 MP: 0/0
    18 | D:1      | Reached skill level 3 in Polearms
    18 | D:1      | Reached XP level 2. HP: 20/26 MP: 1/1
   194 | D:1      | Reached skill level 4 in Polearms
   463 | D:1      | Reached XP level 3. HP: 31/31 MP: 2/2
  1031 | D:2      | Noticed Terence
  1049 | D:2      | Killed Terence
  1049 | D:2      | Reached skill level 5 in Polearms
  1049 | D:2      | Reached XP level 4. HP: 21/39 MP: 3/3
  1117 | D:2      | Found a basalt altar of Yredelemnul.
  1123 | D:2      | Became a worshipper of Yredelemnul the Dark
  1170 | D:2      | Reached skill level 6 in Polearms
  1689 | D:2      | Noticed Jessica
  1697 | D:2      | Killed Jessica
  1697 | D:2      | Reached XP level 5. HP: 39/45 MP: 4/4
  1956 | D:2      | Found a glowing golden altar of the Shining One.
  2123 | D:3      | HP: 2/45 [ball python (1)]
  2124 | D:3      | Reached skill level 7 in Polearms
  2125 | D:3      | Slain by a gnoll

Levels and vault maps discovered:
D:1:      erik_arrival_cave_to_civilisation [erik_arrival_cave_to_hall],
          layout_basic, minmay_misc_feat_five, minmay_tromino_mix6
D:2:      layout_basic, old_standard_altar, nicolae_tso_swordbearing_angel,
          uniq_terence, uniq_jessica
D:3:      layout_rooms, first_ration, uniq_ijyb

Skill      XL: |  1  2  3  4  5 |
---------------+----------------+-----
Polearms       | 3 4 5 6 7 |  7.0
Fighting       | |  3.6
Armour         | |  3.6
Shields        | |  3.6

Action                   |  1- 3 |  4- 6 || total
-------------------------+-------+-------++-------
Melee: Trident           |    85 |   103 ||   188
       Headbutt          |     7 |    10 ||    17
  Use: Scroll            |     7 |     3 ||    10
       Potion            |     1 |     2 ||     3
  Eat: Chunk             |       |     4 ||     4
Armor: Scale mail        |     5 |       ||     5
       Chain mail        |    24 |    57 ||    81
Dodge: Dodged            |    15 |    18 ||    33
Block: Shield            |    35 |    52 ||    87
